 Dungeon Crawl Stone Soup version 0.25-a0-1119-g28b6fd0c3b (webtiles) character file.

Game seed: 12609224095665796997, levelgen mode: classic

65487 Amnesiac the Warrior (level 15, -3/180 HPs)
             Began as an Ogre Wizard on May 18, 2020.
             Was a Priest of Uskayaw.
             Slain by a yak (17 damage)
             ... on level 5 of the Lair of Beasts.
             The game lasted 01:03:50 (22847 turns).

Amnesiac the Warrior (Ogre Wizard)                 Turns: 22847, Time: 01:03:51

Health: -3/180     AC: 18    Str: 13    XL:     15   Next: 16%
Magic:  33/33      EV: 10    Int: 23    God:    Uskayaw [***...]
Gold:   1575       SH:  0    Dex:  8    Spells: 6/24 levels left

rFire    + . .     SeeInvis .   a - +3 giant club (protect)
rCold    + . .     Gourm    .   (shield currently unavailable)
rNeg     . . .     Faith    .   J - +1 robe {rC+ rF+}
rPois    .         Spirit   .   H - +2 hat
rElec    .         Reflect  .   B - +2 cloak
rCorr    .         Harm     .   (gloves unavailable)
MR       +....                  (boots unavailable)
Stlth    ++........             w - amulet of regeneration
HPRegen  0.80/turn              r - ring of wizardry
MPRegen  0.23/turn              P - ring of magical power

@: lethally poisoned (-3 -> -4), protection aura
A: large, unfitting armour, claws 1, talons 1, molten scales 1, tough skin 1,
weak 1
a: Stomp, Line Pass, Renounce Religion


You were on level 5 of the Lair of Beasts.
You worshipped Uskayaw.
Uskayaw was pleased with you.
You were not hungry.

You visited 4 branches of the dungeon, and saw 21 of its levels.
You also visited: Ice Cave.

You collected 1666 gold pieces.
You spent 91 gold pieces at shops.

Inventory:

Hand Weapons
 a - a +3 giant club of protection (weapon)
 j - a +0 fustibalus
Missiles
 e - 4 curare-tipped darts
 m - 77 poisoned darts (quivered)
Armour
 q - a +1 cloak of stealth
 B - a +2 cloak (worn)
 H - a +2 hat (worn)
 J - a +1 robe of resistance (worn)
 Q - a +0 troll leather armour
Magical Staves
 F - an uncursed staff of wizardry {!a}
Jewellery
 r - a ring of wizardry (left claw)
 u - an uncursed amulet of reflection
 v - an uncursed ring of resist corrosion
 w - an amulet of regeneration (around neck)
 C - an uncursed ring of protection from magic
 P - a ring of magical power (right claw)
 R - an uncursed ring of protection from cold {unknown}
 S - the ring "Bufep" {*Tele rPois, unknown}
   (You found it in an ice cave)

   [ring of teleportation]

   It may teleport you next to monsters.
   It protects you from poison.
Wands
 b - a wand of digging (5)
 y - a wand of flame (78)
 E - a wand of polymorph (38)
 I - a wand of iceblast (9)
 K - a wand of disintegration (14)
 O - a wand of paralysis (10)
Scrolls
 h - 8 scrolls of teleportation {!r}
 o - 4 scrolls of magic mapping {!r}
 p - a scroll of fog {!r}
 L - 4 scrolls of remove curse {!r}
 N - 2 scrolls of fear {!r}
Potions
 c - 4 potions of heal wounds {!q}
 f - 2 potions of mutation {!q}
 g - a potion of flight {!q}
 i - 2 potions of cancellation {!q}
 k - a potion of haste {!q}
 n - 2 potions of might {!q}
 s - 3 potions of brilliance {!q}
 t - a potion of stabbing {!q}
 x - a potion of berserk rage {!q, unknown}
 z - 8 potions of curing {!q}
 A - a potion of invisibility {!q, unknown}
 D - 2 potions of resistance {!q}
 G - a potion of magic {!q}
 M - 4 potions of ambrosia {!q}
Comestibles
 d - 36 rations
 l - 6 chunks of flesh


   Skills:
 - Level 19.0 Fighting
   Level 2.3 Short Blades
 * Level 15.4 Maces & Flails
 - Level 1.7 Dodging
 - Level 2.0 Stealth
 - Level 5.0 Spellcasting
 - Level 5.0 Conjurations
 - Level 0.8 Summonings
 - Level 0.8 Translocations
 - Level 5.0 Air Magic
 + Level 12.7 Invocations
 - Level 4.0 Evocations


You had 6 spell levels left.
You knew the following spells:

 Your Spells              Type           Power        Failure   Level  Hunger
a - Shock                 Conj/Air       ####         1%          1    None
b - Call Imp              Summ           #.......     4%          2    None
c - Magic Dart            Conj           ####         1%          1    None
d - Airstrike             Air            ####......   4%          4    ####...
e - Mephitic Cloud        Conj/Pois/Air  ###.....     3%          3    ##.....
s - Conjure Flame         Conj/Fire      ###.....     4%          3    ##.....
v - Blink                 Tloc           N/A          4%          2    None
z - Swiftness             Chrm/Air       ###.....     1%          2    None

Your spell library contained the following spells:

 Spells                   Type           Power        Failure   Level  Hunger
 Static Discharge         Conj/Air       ####....     1%          3    ##.....
 Apportation              Tloc           #.....       2%          1    None
 Summon Small Mammal      Summ           #...         2%          1    None
 Animate Skeleton         Necr           N/A          4%          1    None
 Corona                   Hex            #......      4%          1    None
 Slow                     Hex            #.......     6%          2    None
 Lightning Bolt           Conj/Air       ####......   13%         5    #####..


Dungeon Overview and Level Annotations

Branches:
Dungeon (13/15)            Temple (1/1) D:4            Lair (5/6) D:11
 Shoals (0/4) Lair:4        Snake (0/4) Lair:2          Orc (2/2) D:10
    Elf (0/3) Orc:2        Vaults (0/5) D:13          IceCv (visited)
  Slime: Lair:5-6

Altars:
Ashenzari
Cheibriados
Dithmenos
Elyvilon
Fedhas
Gozag
Hepliaklqana
Kikubaaqudgha
Makhleb
Nemelex Xobeh
Okawaru
Qazlal
Ru
Sif Muna
Trog
Uskayaw
Vehumet
Wu Jian
Xom
Yredelemnul
Zin
The Shining One

Shops:
D:6 *   Orc:1 ?*   Orc:2 }[:%


Innate Abilities, Weirdness & Mutations

You are too large for most types of armour.
You have tough skin. (AC +1)
You have sharp fingernails.
You have sharp toenails.
You are partially covered in molten scales. (AC +2)
You are weak. (Str -2)


Message History

The ice dragon breathes frost at you. The blast of cold hits you! You resist.
The yak barely misses you.
You sock the ice dragon! You claw the ice dragon!
The ice dragon is moderately wounded.
The polar bear bites you but does no damage.
The polar bear misses you. The polar bear claws you.
The polar bear bites you but does no damage.
The polar bear claws you but does no damage.
The polar bear misses you. The ice dragon completely misses you.
The ice dragon claws you.
The ice dragon tramples you but does no damage.
You bludgeon the polar bear!!
The polar bear is heavily wounded.
The polar bear bites you but does no damage.
The polar bear barely misses you. The polar bear claws you.
The yak gores you but does no damage. The polar bear bites you!!
* * * LOW HITPOINT WARNING * * *
The polar bear claws you but does no damage. x2
The polar bear bites you!
* * * LOW HITPOINT WARNING * * *
The polar bear claws you.
* * * LOW HITPOINT WARNING * * *
The polar bear claws you but does no damage.
The polar bear completely misses you.
The polar bear claws you but does no damage. x2
The ice dragon breathes frost at you.
The blast of cold hits the polar bear!!
The polar bear resists.
The blast of cold hits you!! You resist.
* * * LOW HITPOINT WARNING * * *
The polar bear bites you but does no damage.
The polar bear barely misses you. The polar bear claws you.
* * * LOW HITPOINT WARNING * * *
You sock the water moccasin!
The water moccasin is heavily wounded.
The polar bear bites you but does no damage.
The polar bear barely misses you. The polar bear claws you.
* * * LOW HITPOINT WARNING * * *
The yak gores you!
* * * LOW HITPOINT WARNING * * *
The water moccasin bites you.
* * * LOW HITPOINT WARNING * * *
You are poisoned.
The water moccasin poisons you!
The polar bear bites you but does no damage.
The polar bear claws you but does no damage.
The polar bear barely misses you.
Uskayaw will force your foes to helplessly watch your dance.
Uskayaw prepares the audience for your solo!
The helpless polar bear fails to defend itself.
You bludgeon the polar bear!!
The polar bear is severely wounded.
You feel sick.
The helpless polar bear fails to defend itself.
You thump the polar bear!
You claw the polar bear, but do no damage.
The polar bear is almost dead.
You feel sick.
The yak is no longer paralysed.
The polar bear is no longer paralysed.
The polar bear bites you!
* * * LOW HITPOINT WARNING * * *
The polar bear claws you.
* * * LOW HITPOINT WARNING * * *
The polar bear claws you but does no damage.
The yak gores you!
You die...

...##...##,,,,,,,,*,,,,*
.##......#..,,,,,**,*,,*
.##..........,*,*,****,**
.....h........,,*,,,,,,,*
..............,,,,,,,,,,**
..............,,,,,,,,,,,*
..h###......##*******,,,**
.#H###########*#####**,*,*
..SP# ### #.#@Yh##*****
.$D### ##.###.Shh..#
...#.####†#÷÷$...D..#
....#..hS####.#.....#
....#...## ####...##
...P....# #####***
P.......# **********,*
.......## **,,*,,,,,,,*
.......# **,,,,,,,,,,,**


You could see an ice dragon (paralysed, catching breath), 3 polar bears, a yak
and a water moccasin (paralysed).

Vanquished Creatures
  A frost giant (IceCv)
  Azrael (Orc:2)
  An ettin (Orc:2)
  5 vault guards (D:13)
  Harold (D:7)
  2 hydras
  A catoblepas (D:13)
  A centaur warrior (D:13)
  3 two-headed ogres
  Urug (Lair:3)
  7 death yaks
  4 orc high priests (Orc:2)
  The ghost of Scuka the Slicer, a novice KoBe of Trog (D:8)
  Sonja (Orc:1)
  2 unseen horrors
  4 orc knights
  4 orc sorcerers (Orc:2)
  2 cyclopes
  A moth of wrath (D:8)
  A black mamba (Lair:1)
  An oklob plant (Lair:2)
  6 elephants (Lair:2)
  2 torpor snails (Lair:4)
  An ice statue (IceCv)
  8 spiny frogs
  A centaur skeleton (D:12)
  2 rime drakes
  3 komodo dragons
  16 polar bears
  Prince Ribbit (D:6)
  6 trolls
  4 blink frogs (Lair:3)
  4 slime creatures (D:12)
  8 hippogriffs
  A wraith (D:12)
  4 hogs
  A wyvern (Lair:4)
  44 yaks
  Grum (Lair:1)
  2 fire elementals (Orc:2)
  7 humans
  2 hungry ghosts
  A steam dragon (D:9)
  A basilisk (Lair:2)
  A soldier ant (D:11)
  6 water moccasins
  5 nagas (Lair:2)
  3 wargs
  5 hell hounds (Orc:2)
  12 porcupines
  6 sky beasts
  21 orc warriors
  2 phantoms
  2 necrophages
  A black bear (D:13)
  5 ice beasts
  12 ogres
  4 centaurs
  35 wolves
  6 crocodiles
  4 big kobolds
  8 bullfrogs
  A wyvern zombie (D:13)
  4 scorpions
  A wyvern skeleton (D:8)
  4 killer bees (D:8)
  21 wights
  2 howler monkeys
  4 electric eels
  4 jellies
  6 crimson imps
  2 bullfrog zombies
  14 orc wizards
  2 quasits
  14 orc priests
  4 bullfrog skeletons
  11 hounds
  A gnoll shaman (D:10)
  Crazy Yiuf (D:7)
  3 iguanas
  Natasha (thrice) (D:2)
  7 worker ants
  2 hound skeletons
  A worker ant zombie (D:10)
  7 gnolls
  16 adders
  7 shadow imps
  An adder skeleton (D:9)
  An adder zombie (D:9)
  A worm (D:2)
  A dart slug (D:4)
  A leopard gecko (D:9)
  57 orcs
  6 giant cockroaches
  14 goblins
  8 hobgoblins
  9 jackals
  20 kobolds
  3 quokkas
  A ball python (D:1)
  3 bats
  8 frilled lizards
  A quokka skeleton (D:4)
  9 rats
  2 plants (Lair:2)
597 creatures vanquished.

Vanquished Creatures (collateral kills)
  Robin (D:1)
  2 worms
  A jackal (D:3)
4 creatures vanquished.

Vanquished Creatures (others)
  A polar bear (Lair:5)
  A human (D:13)
  4 fungi
  A plant (Lair:2)
7 creatures vanquished.

Grand Total: 608 creatures vanquished

Notes
Turn   | Place    | Note
-------+----------+-------------------------------------------
     0 | D:1      | Amnesiac the Ogre Wizard began the quest for the Orb.
     0 | D:1      | Reached XP level 1. HP: 16/16 MP: 5/5
    73 | D:1      | Reached skill level 1 in Conjurations
   411 | D:2      | Found a stormy altar of Qazlal.
   454 | D:2      | Reached XP level 2. HP: 14/24 MP: 0/6
   461 | D:2      | Learned a level 2 spell: Blink
   464 | D:2      | Learned a level 2 spell: Call Imp
   538 | D:3      | Found an opulent altar of Gozag.
  1200 | D:4      | Noticed a scorpion
  1207 | D:4      | Killed a scorpion
  1207 | D:4      | Reached XP level 3. HP: 31/31 MP: 2/8
  1212 | D:4      | Learned a level 3 spell: Mephitic Cloud
  1266 | D:4      | Reached XP level 4. HP: 39/39 MP: 7/10
  1283 | D:4      | Learned a level 3 spell: Conjure Flame
  1361 | D:4      | Found a staircase to the Ecumenical Temple.
  1369 | Temple   | Entered the Ecumenical Temple
  1402 | Temple   | Became a worshipper of Uskayaw the Reveler
  1549 | D:2      | Reached * piety under Uskayaw
  1560 | D:2      | Noticed Robin
  2191 | D:1      | Killed Robin
  2191 | D:1      | Reached ** piety under Uskayaw
  2321 | D:2      | Reached XP level 5. HP: 29/45 MP: 8/11
  2460 | D:2      | Noticed Natasha
  2468 | D:2      | Killed Natasha
  2752 | D:2      | Noticed Natasha
  2761 | D:2      | Killed Natasha
  2851 | D:2      | Noticed Natasha
  2861 | D:2      | Killed Natasha
  2960 | D:2      | You fall into a shaft and drop 1 floor!
  3327 | D:3      | Found an ornate altar of the Wu Jian Council.
  4388 | D:4      | Reached skill level 5 in Conjurations
  4388 | D:4      | Reached XP level 6. HP: 53/53 MP: 5/12
  4741 | D:4      | Found a shimmering altar of Xom.
  4742 | D:4      | Found a hazy altar of Hepliaklqana.
  4743 | D:4      | Noticed a spectral ugly thing
  4815 | D:4      | Found a glowing golden altar of the Shining One.
  5369 | D:5      | Entered Level 5 of the Dungeon
  5439 | D:5      | Reached skill level 1 in Fighting
  5439 | D:5      | Reached skill level 1 in Short Blades
  5537 | D:5      | Found a sparkling altar of Nemelex Xobeh.
  5716 | D:5      | Reached skill level 5 in Spellcasting
  5749 | D:5      | Reached XP level 7. HP: 62/62 MP: 3/14
  6132 | D:6      | Reached skill level 2 in Fighting
  6171 | D:6      | Found Feolumawn's Assorted Antiques.
  6193 | D:6      | Bought a golden potion for 22 gold pieces
  6193 | D:6      | Bought an amethyst potion for 22 gold pieces
  6193 | D:6      | Bought a scroll labeled QAS PECAEDEIMU for 25 gold pieces
  6193 | D:6      | Bought a fizzy white potion for 22 gold pieces
  6234 | D:6      | Learned a level 2 spell: Swiftness
  6236 | D:6      | Learned a level 1 spell: Shock
  6245 | D:6      | Found a glowing silver altar of Zin.
  6254 | D:6      | Found a white marble altar of Elyvilon.
  6281 | D:6      | Reached skill level 3 in Fighting
  6337 | D:6      | Reached skill level 4 in Fighting
  6369 | D:6      | Found a shimmering blue altar of Sif Muna.
  6370 | D:6      | Found an iron altar of Okawaru.
  6371 | D:6      | Found a shadowy altar of Dithmenos.
  6390 | D:6      | Reached skill level 5 in Fighting
  6492 | D:6      | Reached skill level 6 in Fighting
  6492 | D:6      | Reached XP level 8. HP: 23/84 MP: 10/15
  6694 | D:6      | Reached skill level 7 in Fighting
  6797 | D:6      | Reached *** piety under Uskayaw
  6837 | D:6      | Reached skill level 8 in Fighting
  6841 | D:6      | Reached skill level 1 in Maces & Flails
  7195 | D:7      | Noticed Prince Ribbit
  7241 | D:6      | Killed Prince Ribbit
  7342 | D:7      | Noticed a hippogriff
  7437 | D:7      | Reached skill level 5 in Maces & Flails
  7437 | D:7      | Reached XP level 9. HP: 95/95 MP: 4/16
  7556 | D:7      | Reached skill level 1 in Evocations
  8050 | D:7      | Found a sacrificial altar of Ru.
  8134 | D:7      | Found a radiant altar of Vehumet.
  8195 | D:7      | Reached **** piety under Uskayaw
  8410 | D:7      | Noticed Harold
  8566 | D:7      | Killed Harold
  8566 | D:7      | Reached XP level 10. HP: 35/103 MP: 14/17
  8724 | D:7      | Found a runed translucent door.
  8725 | D:7      | Noticed Crazy Yiuf
  8741 | D:7      | Killed Crazy Yiuf
  8795 | D:8      | Identified a paperback manual
  8929 | D:8      | Noticed a two-headed ogre
  8945 | D:8      | Killed a two-headed ogre
  8945 | D:8      | Reached skill level 1 in Air Magic
  9188 | D:8      | Found a shattered altar of Ashenzari.
  9194 | D:8      | Found a transporter.
  9196 | D:8      | Found a transporter.
  9223 | D:8      | Reached skill level 9 in Fighting
  9226 | D:8      | Reached ***** piety under Uskayaw
  9259 | D:8      | Reached skill level 10 in Fighting
  9446 | D:8      | Found a bloodstained altar of Trog.
  9446 | D:8      | Noticed Scuka's ghost (novice KoBe)
  9451 | D:8      | Noticed a moth of wrath
  9480 | D:8      | Learned a level 4 spell: Airstrike
  9523 | D:8      | Reached skill level 11 in Fighting
  9780 | D:8      | Killed a moth of wrath
  9782 | D:8      | Reached skill level 12 in Fighting
  9837 | D:8      | Killed Scuka's ghost
  9837 | D:8      | Reached skill level 13 in Fighting
  9837 | D:8      | Reached XP level 11. HP: 91/126 MP: 2/18
 10499 | D:9      | Reached skill level 14 in Fighting
 11005 | D:10     | Entered Level 10 of the Dungeon
 11234 | D:10     | Found a staircase to the Orcish Mines.
 12107 | D:11     | Reached skill level 15 in Fighting
 12147 | D:11     | Reached skill level 5 in Air Magic
 12377 | D:11     | Noticed a cyclops
 12420 | D:11     | Killed a cyclops
 12515 | D:11     | Reached skill level 16 in Fighting
 12684 | D:11     | Killed an unseen horror
 12784 | D:11     | Reached skill level 17 in Fighting
 13082 | D:11     | Found a staircase to the Lair.
 13353 | Orc:1    | Entered Level 1 of the Orcish Mines
 13353 | Orc:1    | Noticed an orc knight
 13391 | D:10     | Killed an orc knight
 13391 | D:10     | Reached skill level 18 in Fighting
 13471 | Orc:1    | Reached XP level 12. HP: 105/152 MP: 14/19
 13479 | Orc:1    | Reached skill level 5 in Invocations
 13647 | Orc:1    | Found Fykuf's General Store.
 13665 | Orc:1    | Noticed Sonja
 13674 | Orc:1    | Killed Sonja
 13831 | Orc:1    | Found Pairynn's Magic Scroll Shop.
 13939 | Orc:2    | Entered Level 2 of the Orcish Mines
 13943 | Orc:2    | Reached skill level 19 in Fighting
 13972 | Orc:2    | Noticed an orc high priest
 14169 | Orc:2    | Killed an orc high priest
 14246 | Orc:2    | Found a staircase to the Elven Halls.
 14287 | Orc:2    | Noticed Azrael
 14307 | Orc:2    | Noticed an ettin
 14318 | Orc:2    | Killed an ettin
 14830 | Orc:2    | Killed Azrael
 15011 | Orc:2    | Noticed an orc high priest
 15019 | Orc:2    | Killed an orc high priest
 15117 | Orc:1    | Reached skill level 10 in Maces & Flails
 15286 | Orc:2    | Noticed a sun demon
 15362 | Orc:2    | Noticed an orc high priest
 15371 | Orc:2    | Killed an orc high priest
 15689 | Orc:2    | Noticed an orc high priest
 15706 | Orc:2    | Killed an orc high priest
 15706 | Orc:2    | Reached XP level 13. HP: 141/162 MP: 15/20
 15743 | Orc:2    | Found Ekkar's Antique Armour Boutique.
 15747 | Orc:2    | Found Meoce's Food Shoppe.
 15753 | Orc:2    | Found Vowozu Nimm's Book Shoppe.
 15755 | Orc:2    | Found Soxtar's Gadget Boutique.
 16337 | D:12     | Got a jewelled dagger
 16929 | D:13     | Got a brightly glowing whip
 17565 | D:13     | Noticed a vault guard
 17565 | D:13     | Noticed a vault guard
 17567 | D:13     | Noticed a vault guard
 17567 | D:13     | Noticed a vault guard
 17568 | D:13     | Noticed a vault guard
 17580 | D:13     | Killed a vault guard
 17580 | D:13     | Killed a vault guard
 17580 | D:13     | Reached skill level 10 in Invocations
 17581 | D:13     | Killed a vault guard
 17583 | D:13     | Killed a vault guard
 17593 | D:13     | Killed a vault guard
 17593 | D:13     | Reached ****** piety under Uskayaw
 17601 | D:13     | Found a gate to the Vaults.
 17762 | Lair:1   | Entered Level 1 of the Lair of Beasts
 18090 | Lair:1   | Reached XP level 14. HP: 83/172 MP: 13/21
 18235 | Lair:1   | Noticed Grum
 18253 | Lair:1   | Killed Grum
 18360 | Lair:1   | Identified the +11 dagger of Fatigue {holy, Dex+2} (You
                  | found it on level 12 of the Dungeon)
 18362 | Lair:1   | Identified the +3 whip "Siojoeh" {venom, *Drain MP+9 Dex+2}
                  | (You found it on level 13 of the Dungeon)
 18882 | Lair:2   | Found a staircase to the Snake Pit.
 18983 | Lair:2   | Found a stormy altar of Qazlal.
 20265 | Lair:3   | Noticed Urug
 20279 | Lair:3   | Killed Urug
 20397 | Lair:3   | Gained mutation: You have sharp toenails. [potion of
                  | mutation]
 20397 | Lair:3   | Gained mutation: You are partially covered in molten
                  | scales. (AC +2) [potion of mutation]
 20397 | Lair:3   | Gained mutation: You are weak. (Str -2) [potion of
                  | mutation]
 20397 | Lair:3   | Gained mutation: You have sharp fingernails. [potion of
                  | mutation]
 20818 | Lair:4   | Found a snail-covered altar of Cheibriados.
 21208 | Lair:4   | Found a staircase to the Shoals.
 21811 | Lair:5   | Found a frozen archway.
 21833 | IceCv    | Entered an ice cave
 22354 | IceCv    | Reached skill level 15 in Maces & Flails
 22522 | IceCv    | Reached XP level 15. HP: 151/180 MP: 24/24
 22634 | IceCv    | Noticed a frost giant
 22660 | IceCv    | Killed a frost giant
 22677 | IceCv    | Got a coiled jade ring
 22847 | Lair:5   | Slain by a yak

Illustrated notes

Levels and vault maps discovered:
D:1:      co_arrival_random_square_maze, layout_basic, minmay_fountain_box,
          serial_park_tiny_2
D:2:      kb_forest_paths, layout_basic, grunt_qazlal_clouds,
          kennysheep_generic_room_6, uniq_natasha, uniq_robin
D:3:      layout_basic, overflow_temple_1_default, nicolae_gozag_seed_capital
D:4:      layout_basic, regret_index_temple_of_mockery,
          nicolae_tso_carved_into_rock, minmay_temple_entry_tees, first_ration
D:5:      layout_loops_ring, ebering_dispersal_statue_hall,
          nemelex_spade_bored_becter
D:6:      layout_basic, grunt_temple_overflow_open, serial_shops, shop
D:7:      layout_rooms, lemuel_crystal_altar, nicolae_overflow_crystal_walls,
          grunt_livestock, kennysheep_nondescript, uniq_crazy_yiuf_cottage,
          uniq_prince_ribbit1, uniq_harold
D:8:      layout_basic, cheibrodos_ashenzari_chains,
          gammafunk_ghost_wrathful_warriors
D:9:      layout_long_grid
D:10:     layout_stronghold, orc_0_dummy
D:11:     layout_loops_cross, erik_lair_island
D:12:     layout_loops_ring
D:13:     layout_loops_corners, ximxim_vaults_locker_room, serial_glass,
          glass_columns_b, glass_columns_b, glass_columns_b, glass_columns_a,
          glass_columns_b, feat_on_display, minmay_strange_pillars
Temple:   jpeg_temple_island
Lair:1:   layout_cave_shapes, uniq_grum
Lair:2:   layout_cave_pods, minmay_snake_entry_guardpost_medium, basic_altar,
          hibernation_bobbens, minmay_lair_oklob_chamber,
          infiniplex_staircase_pool, serial_bayou_shore_b
Lair:3:   wander_river, layout_cave_shapes, uniq_urug
Lair:4:   layout_misc_corridors, elwin_shoals_entry_rocks,
          kennysheep_snail_temple
Lair:5:   layout_layer_cave, portal_ice_cave_entry_animals_and_master,
          cheibrodos_lair_lostbears, lemuel_fruit_tree, grunt_megastairs_5
Orc:1:    layout_diamond_mine, serial_shops, shop, nicolae_shop_trees,
          uniq_sonja
Orc:2:    st_orc_elflike, layout_caves, uniq_azrael

Skill      XL: |  1  2  3  4  5  6  7  8  9 10 11 12 13 14 |
---------------+-------------------------------------------+-----
Conjurations   | 1 3 5 |  5.0
Spellcasting   | 4 5 |  5.0
Stealth        | 2 |  2.0
Fighting       | 1 6 8 13 18 19 | 19.0
Short Blades   | 1 2 |  2.3
Maces & Flails | 5 8 10 13 15 | 15.4
Evocations     | 4 |  4.0
Invocations    | 4 8 10 12 | 12.7
Air Magic      | 3 5 |  5.0
Dodging        | |  1.7
Summonings     | |  0.8
Translocations | |  0.8

Action                   |  1- 3 |  4- 6 |  7- 9 | 10-12 | 13-15 || total
-------------------------+-------+-------+-------+-------+-------++-------
Melee: Unarmed           |    21 |       |       |       |       ||    21
       Mace              |    29 |    14 |       |       |       ||    43
       Dagger            |       |    28 |       |       |       ||    28
       Giant club        |       |       |    64 |   299 |   880 ||  1243
       Halberd           |       |       |    12 |       |       ||    12
       Kick              |       |       |       |       |    57 ||    57
 Cast: Magic Dart        |    41 |   171 |    11 |     2 |       ||   225
       Call Imp          |     4 |     1 |     2 |     1 |       ||     8
       Blink             |       |     1 |     1 |       |     2 ||     4
       Mephitic Cloud    |       |     5 |     5 |    17 |     8 ||    35
       Conjure Flame     |       |     1 |     7 |     4 |       ||    12
       Shock             |       |       |   194 |   274 |       ||   468
       Airstrike         |       |       |       |    84 |    25 ||   109
Invok: Stomp             |       |       |       |     5 |       ||     5
Evoke: Wand              |       |       |       |     2 |       ||     2
  Use: Scroll            |       |       |     8 |     9 |     7 ||    24
       Potion            |       |       |       |     5 |     1 ||     6
 Stab: Confused          |       |     2 |     1 |     6 |     1 ||    10
       Sleeping          |       |       |     1 |     2 |     1 ||     4
       Paralysed         |       |       |     1 |    26 |    81 ||   108
  Eat: Chunk             |     1 |    14 |    10 |    34 |    31 ||    90
       Ration            |       |       |       |     1 |       ||     1
Armor: Robe              |    27 |    17 |    43 |    74 |   158 ||   319
       Troll leather arm |       |       |       |   105 |   390 ||   495
Dodge: Dodged            |    39 |    62 |   105 |   212 |   434 ||   852

Table legend:
 A = Non-vault XP
 B = Vault XP
 C = Vault XP percentage of total XP
 D = Non-vault monster count
 E = Vault monster count
 F = Vault count percentage of total count
                 A         B        C        D         E       F
            +---------+---------+-------+---------+---------+-------
      Total |   53090 |   40464 |  43.3 |     447 |     153 |  25.5
            +---------+---------+-------+---------+---------+-------
        D:1 |      26 |      15 |  36.6 |      16 |       2 |  11.1
        D:2 |      89 |      71 |  44.4 |      16 |      16 |  50.0
        D:3 |      30 |       0 |   0.0 |      16 |       0 |   0.0
        D:4 |     235 |       0 |   0.0 |      16 |       0 |   0.0
        D:5 |     158 |       0 |   0.0 |       7 |       0 |   0.0
        D:6 |    1506 |     669 |  30.8 |      23 |       3 |  11.5
        D:7 |    1242 |    1556 |  55.6 |      24 |       5 |  17.2
        D:8 |    2918 |    1691 |  36.7 |      29 |       5 |  14.7
        D:9 |    1416 |       0 |   0.0 |      24 |       0 |   0.0
       D:10 |    2087 |       0 |   0.0 |      32 |       0 |   0.0
       D:11 |    3034 |     786 |  20.6 |      41 |       8 |  16.3
       D:12 |    5627 |       0 |   0.0 |      39 |       0 |   0.0
       D:13 |    5139 |    6131 |  54.4 |      28 |      11 |  28.2
     Lair:1 |    7368 |     430 |   5.5 |      28 |       3 |   9.7
     Lair:2 |    6902 |    1456 |  17.4 |      30 |       7 |  18.9
     Lair:3 |    5535 |     847 |  13.3 |      15 |       1 |   6.2
     Lair:4 |    3742 |     873 |  18.9 |      20 |       2 |   9.1
     Lair:5 |    1446 |     763 |  34.5 |       3 |       4 |  57.1
      Orc:1 |    1478 |    1451 |  49.5 |      18 |       2 |  10.0
      Orc:2 |    3112 |    9562 |  75.4 |      22 |      31 |  58.5
      IceCv |       0 |   14163 | 100.0 |       0 |      53 | 100.0
            +---------+---------+-------+---------+---------+-------
